[gd_scene load_steps=17 format=3 uid="uid://keuhu2uvwa6n"]

[ext_resource type="Script" path="res://main.gd" id="1_hugce"]
[ext_resource type="PackedScene" uid="uid://dvmcpqaraytxn" path="res://stages/stage_01_first/stage.tscn" id="2_k4hh1"]
[ext_resource type="Texture2D" uid="uid://djy5ffc2cod8r" path="res://space_texture.tres" id="2_vicw4"]
[ext_resource type="PackedScene" uid="uid://bo8gwqivm4rit" path="res://stages/stage_02_second/stage.tscn" id="2_vuugl"]
[ext_resource type="PackedScene" uid="uid://b0efi3meg85ds" path="res://camera/camera.tscn" id="3_sc3a7"]
[ext_resource type="Texture2D" uid="uid://cwkwder5mbsyf" path="res://assets/planet/space.png" id="4_su66m"]
[ext_resource type="StyleBox" uid="uid://dxecssvkav65" path="res://ui/panel.tres" id="7_iioil"]
[ext_resource type="StyleBox" uid="uid://bas107viebwhq" path="res://ui/panel_pressed.tres" id="8_4ipjd"]
[ext_resource type="Texture2D" uid="uid://bpesqv41qc84e" path="res://assets/ui/prox-nivel.png" id="9_xsc7g"]
[ext_resource type="AudioStream" uid="uid://buv7rm4mnss7o" path="res://assets/sounds/level_cleared.wav" id="10_6ymyx"]
[ext_resource type="AudioStream" uid="uid://b431xn245u8hq" path="res://assets/sounds/level_failed.wav" id="11_afd8p"]

[sub_resource type="PanoramaSkyMaterial" id="PanoramaSkyMaterial_wuqwu"]
panorama = ExtResource("2_vicw4")

[sub_resource type="Sky" id="Sky_c0881"]
sky_material = SubResource("PanoramaSkyMaterial_wuqwu")

[sub_resource type="Environment" id="Environment_scr5r"]
background_mode = 3
background_canvas_max_layer = -1
sky = SubResource("Sky_c0881")
ambient_light_source = 2
ambient_light_color = Color(1, 1, 1, 1)

[sub_resource type="StyleBoxFlat" id="StyleBoxFlat_3wkc4"]
bg_color = Color(0.631373, 0.262745, 0.243137, 0.65098)
border_width_left = 4
border_width_top = 4
border_width_right = 4
border_width_bottom = 4
border_color = Color(0, 0.901961, 0.988235, 1)
corner_radius_top_left = 20
corner_radius_top_right = 20
corner_radius_bottom_right = 20
corner_radius_bottom_left = 20

[sub_resource type="StyleBoxEmpty" id="StyleBoxEmpty_4ij2x"]

[node name="Main" type="Node3D"]
script = ExtResource("1_hugce")
stages = Array[PackedScene]([ExtResource("2_vuugl"), ExtResource("2_k4hh1")])

[node name="CanvasLayer" type="CanvasLayer" parent="."]
layer = -1

[node name="TextureRect" type="TextureRect" parent="CanvasLayer"]
anchors_preset = 15
anchor_right = 1.0
anchor_bottom = 1.0
grow_horizontal = 2
grow_vertical = 2
texture = ExtResource("4_su66m")
expand_mode = 5

[node name="WorldEnvironment" type="WorldEnvironment" parent="."]
environment = SubResource("Environment_scr5r")

[node name="Camera" parent="." instance=ExtResource("3_sc3a7")]

[node name="Control" type="Control" parent="."]
layout_mode = 3
anchors_preset = 15
anchor_right = 1.0
anchor_bottom = 1.0
grow_horizontal = 2
grow_vertical = 2

[node name="WinLabel" type="PanelContainer" parent="Control"]
unique_name_in_owner = true
visible = false
layout_mode = 1
anchors_preset = -1
anchor_left = 0.2
anchor_top = 0.2
anchor_right = 0.8
anchor_bottom = 0.8
grow_horizontal = 2
grow_vertical = 2
theme_override_styles/panel = SubResource("StyleBoxFlat_3wkc4")

[node name="MarginContainer" type="MarginContainer" parent="Control/WinLabel"]
layout_mode = 2
theme_override_constants/margin_left = 20
theme_override_constants/margin_top = 20
theme_override_constants/margin_right = 20
theme_override_constants/margin_bottom = 20

[node name="Layout" type="VBoxContainer" parent="Control/WinLabel/MarginContainer"]
layout_mode = 2

[node name="Label" type="Label" parent="Control/WinLabel/MarginContainer/Layout"]
layout_mode = 2
theme_override_colors/font_color = Color(0.65098, 0.811765, 0.623529, 1)
theme_override_colors/font_outline_color = Color(0.00392157, 0.12549, 0.603922, 1)
theme_override_constants/outline_size = 4
theme_override_font_sizes/font_size = 64
text = "YOU WIN"
horizontal_alignment = 1
vertical_alignment = 1

[node name="HBoxContainer" type="HBoxContainer" parent="Control/WinLabel/MarginContainer/Layout"]
layout_mode = 2

[node name="Label2" type="RichTextLabel" parent="Control/WinLabel/MarginContainer/Layout/HBoxContainer"]
layout_mode = 2
size_flags_horizontal = 3
theme_override_colors/default_color = Color(1, 1, 1, 1)
theme_override_colors/font_outline_color = Color(0.00392157, 0.12549, 0.603922, 1)
theme_override_constants/outline_size = 4
theme_override_font_sizes/normal_font_size = 24
theme_override_font_sizes/bold_font_size = 24
bbcode_enabled = true
text = "[b]Programmers[/b]
Francisco Henriques
Luciano Leão
Wilson Kazuo Mizutani

[b]Artists[/b]
Débora Prudêncio (borabee)
Oliver Prioli (fluoretos)

[b]Composer[/b]
Francisco Henriques"
fit_content = true

[node name="Label3" type="RichTextLabel" parent="Control/WinLabel/MarginContainer/Layout/HBoxContainer"]
layout_mode = 2
size_flags_horizontal = 3
theme_override_colors/default_color = Color(1, 1, 1, 1)
theme_override_colors/font_outline_color = Color(0.00392157, 0.12549, 0.603922, 1)
theme_override_constants/outline_size = 4
theme_override_font_sizes/normal_font_size = 24
theme_override_font_sizes/bold_font_size = 24
bbcode_enabled = true
text = "[b]Sound Designer[/b]
Francisco Henriques

[b]Game Design[/b]
Débora Prudêncio (borabee)
Francisco Henriques
Oliver Prioli (fluoretos)
Luciano Leão
Wilson Kazuo Mizutani"
fit_content = true

[node name="Start" type="PanelContainer" parent="Control"]
unique_name_in_owner = true
layout_mode = 1
anchors_preset = -1
anchor_left = 0.4
anchor_top = 0.3
anchor_right = 0.6
anchor_bottom = 0.8
grow_horizontal = 2
grow_vertical = 2
theme_override_styles/panel = SubResource("StyleBoxFlat_3wkc4")

[node name="MarginContainer" type="MarginContainer" parent="Control/Start"]
layout_mode = 2
theme_override_constants/margin_left = 20
theme_override_constants/margin_top = 20
theme_override_constants/margin_right = 20
theme_override_constants/margin_bottom = 20

[node name="Layout" type="VBoxContainer" parent="Control/Start/MarginContainer"]
layout_mode = 2

[node name="Header" type="Label" parent="Control/Start/MarginContainer/Layout"]
layout_mode = 2
size_flags_vertical = 3
theme_override_font_sizes/font_size = 24
text = "ECOLIBRIUM"
horizontal_alignment = 1

[node name="Instructions" type="Label" parent="Control/Start/MarginContainer/Layout"]
layout_mode = 2
size_flags_vertical = 3
size_flags_stretch_ratio = 3.0
text = "Place species on the planet to achieve the stated objectives before time runs out."
vertical_alignment = 1
autowrap_mode = 2

[node name="Control" type="CenterContainer" parent="Control/Start/MarginContainer/Layout"]
layout_mode = 2
size_flags_vertical = 3
size_flags_stretch_ratio = 2.0

[node name="PlayButton" type="Button" parent="Control/Start/MarginContainer/Layout/Control"]
custom_minimum_size = Vector2(150, 32)
layout_mode = 2
theme_override_styles/normal = ExtResource("7_iioil")
theme_override_styles/hover = ExtResource("7_iioil")
theme_override_styles/pressed = ExtResource("8_4ipjd")
theme_override_styles/disabled = SubResource("StyleBoxEmpty_4ij2x")
theme_override_styles/focus = SubResource("StyleBoxEmpty_4ij2x")
text = "PLAY"

[node name="CanvasLayer2" type="CanvasLayer" parent="."]
layer = 2

[node name="WonScreen" type="TextureRect" parent="CanvasLayer2"]
unique_name_in_owner = true
visible = false
anchors_preset = 15
anchor_right = 1.0
anchor_bottom = 1.0
grow_horizontal = 2
grow_vertical = 2
texture = ExtResource("9_xsc7g")
expand_mode = 5

[node name="Sounds" type="Node" parent="."]

[node name="VictorySound" type="AudioStreamPlayer" parent="Sounds"]
unique_name_in_owner = true
stream = ExtResource("10_6ymyx")
volume_db = -4.0

[node name="LossSound" type="AudioStreamPlayer" parent="Sounds"]
unique_name_in_owner = true
stream = ExtResource("11_afd8p")
volume_db = -7.0

[connection signal="pressed" from="Control/Start/MarginContainer/Layout/Control/PlayButton" to="." method="_on_play_button_pressed"]
